 Dungeon Crawl Stone Soup version 0.19-a0-1678-g8ce114c (webtiles) character file.

31299 Hennin the Cleaver (level 13, -4/114 HPs)
             Began as a Minotaur Fighter on Sept 24, 2016.
             Was the Champion of Okawaru.
             Slain by a catoblepas (9 damage)
             ... on level 4 of the Lair of Beasts.
             The game lasted 00:41:39 (18901 turns).

Hennin the Cleaver (Minotaur Fighter)              Turns: 18901, Time: 00:41:39

Health: -4/114     AC: 21    Str: 30    XL:     13   Next: 25%
Magic:  20/20      EV:  2    Int:  9    God:    Okawaru [******]
Gold:   1115       SH:  0    Dex: 10    Spells: 1 memorised, 21 levels left

rFire  + . .     SeeInvis .     Z - +6 broad axe (chop)
rCold  + . .     Gourm    .     Q - +5 scale mail of Taweg {rC+}
rNeg   + + +     Faith    .     c - +1 shield
rPois  ∞         Spirit   .     (helmet restricted)
rElec  .         Dismiss  .     d - +1 cloak {+Inv}
rCorr  .         Reflect  .     b - +0 pair of gloves of the Dolphin {+Fly Int+4}
MR     +....     Harm     .     V - +2 pair of boots
Stlth  ..........               (no amulet)
                                T - ring of poison resistance
                                v - ring of Absolutism {rF+ MR+ Str+4}

@: petrified
A: retaliatory headbutt, horns 2
a: Heroism, Finesse, Renounce Religion, Evoke Invisibility, Evoke Flight


You were on level 4 of the Lair of Beasts.
You worshipped Okawaru.
Okawaru was exalted by your worship.
You were not hungry.

You visited 3 branches of the dungeon, and saw 16 of its levels.

You collected 1115 gold pieces.

Inventory:

Hand Weapons
 a - the +5 great sword "Qicoll" {vamp, +Fly rPois Str+4, unknown}
   (You found it on level 4 of the Lair of Beasts)

   It inflicts no extra harm, but heals its wielder somewhat when it strikes a
   living foe.
   It affects your strength (+4).
   It protects you from poison.
   It lets you fly.
 L - a +4 hand axe of freezing
 M - a +0 whip of electrocution
 R - the +3 long sword "Xeimuem" {freeze, Int+4}
   (You took it off an orc wizard on level 10 of the Dungeon)

   It has been specially enchanted to freeze those struck by it, causing extra
   injury to most foes and up to half again as much damage against particularly
   susceptible opponents.
   It can also slow down cold-blooded creatures.
   It affects your intelligence (+4).
 X - a +3 vampiric hand axe
 Z - a +6 broad axe of chopping (weapon)
Armour
 b - the +0 pair of gloves of the Dolphin (worn) {+Fly Int+4}
   (Okawaru gifted it to you on level 1 of the Lair of Beasts)

   It affects your intelligence (+4).
   It lets you fly.
 c - a +1 shield (worn)
 d - a +1 cloak of invisibility (worn)
 N - a +0 plate armour
 Q - the +5 scale mail of Taweg (worn) {rC+}
   (You found it on level 10 of the Dungeon)

   It protects you from cold.
 V - a +2 pair of boots (worn)
Jewellery
 e - an uncursed ring of ice
 v - the ring of Absolutism (left hand) {rF+ MR+ Str+4}
   (You found it on level 4 of the Lair of Beasts)

   [ring of protection from magic]

   It affects your strength (+4).
   It protects you from fire.
   It affects your resistance to hostile enchantments.
 z - an uncursed ring of see invisible
 J - an uncursed ring of protection from cold
 T - a ring of poison resistance (right hand)
Wands
 O - a wand of disintegration (8/24)
 P - a wand of enslavement (5/24)
 W - a wand of flame (17/48)
Scrolls
 g - 2 scrolls of recharging
 k - 6 scrolls of remove curse
 u - 5 scrolls of blinking
 w - 2 scrolls of fear
 A - 2 scrolls of fog
 E - 7 scrolls of teleportation
 F - 5 scrolls of magic mapping
 H - a scroll of enchant armour
 U - 2 scrolls of summoning
Potions
 h - a potion of resistance
 i - a potion of experience {unknown}
 j - a potion of curing
 l - 2 potions of cancellation {unknown}
 n - 5 potions of lignification
 o - a potion of might
 r - 4 potions of agility
 s - a potion of haste
 x - 2 potions of magic
 B - a potion of ambrosia {unknown}
 C - 2 potions of degeneration {unknown}
 D - 2 potions of heal wounds {unknown}
 G - a potion of invisibility {unknown}
 S - 3 potions of mutation
Books
 t - a book of Callings

   Spells                             Type                      Level
   a - Summon Small Mammal            Summoning                    1
   b - Call Imp                       Summoning                    2
   c - Call Canine Familiar           Summoning                    3
   d - Summon Guardian Golem          Hexes/Summoning              3
   e - Summon Lightning Spire         Summoning/Air                4
   f - Summon Ice Beast               Ice/Summoning                4
 y - a book of the Dragon

   Spells                             Type                      Level
   a - Flame Tongue                   Conjuration/Fire             1
   b - Cause Fear                     Hexes                        4
   c - Bolt of Fire                   Conjuration/Fire             6
   d - Dragon Form                    Transmutation                7
   e - Dragon's Call                  Summoning                    9
 I - a book of Misfortune

   Spells                             Type                      Level
   a - Confusing Touch                Hexes                        1
   b - Confuse                        Hexes                        3
   c - Gell's Gravitas                Hexes/Translocation          3
   d - Petrify                        Transmutation/Earth          4
   e - Metabolic Englaciation         Hexes/Ice                    5
   f - Yara's Violent Unravelling     Hexes/Transmutation          5
 K - a book of Conjurations

   Spells                             Type                      Level
   a - Magic Dart                     Conjuration                  1
   b - Searing Ray                    Conjuration                  2
   c - Dazzling Spray                 Conjuration/Hexes            3
   d - Fulminant Prism                Conjuration/Hexes            4
   e - Iskenderun's Mystic Blast      Conjuration                  4
   f - Iskenderun's Battlesphere      Conjuration/Charms           5
 Y - Sif Muna's Reference Book on Transmigration
   (You found it on level 3 of the Lair of Beasts)

   Spells                             Type                      Level
   a - Beastly Appendage              Transmutation                1
   b - Passwall                       Transmutation/Earth          2
   c - Sticks to Snakes               Transmutation                2
   d - Ignite Poison                  Fire/Transmutation/Poison    3
   e - Yara's Violent Unravelling     Hexes/Transmutation          5
   f - Hydra Form                     Transmutation                6
Comestibles
 f - 9 bread rations
 p - 11 meat rations
 q - 9 beef jerkies


   Skills:
 + Level 10.6 Fighting
 * Level 13.9 Axes
 + Level 10.7 Armour
 + Level 9.3 Dodging
 + Level 11.1 Shields
 + Level 5.5 Spellcasting
 + Level 4.6 Evocations


You had 21 spell levels left.
You knew the following spells:

 Your Spells              Type           Power        Failure   Level  Hunger
a - Passwall              Tmut/Erth      #.........   94%         2    ##.....


Dungeon Overview and Level Annotations

Branches:
Dungeon (11/15)            Temple (1/1) D:4            Lair (4/6) D:9
  Swamp (0/4) Lair:3       Spider (0/4) Lair:4          Orc (0/2) D:11

Altars:
Ashenzari
Cheibriados
Dithmenos
Elyvilon
Fedhas
Gozag
Hepliaklqana
Kikubaaqudgha
Makhleb
Nemelex Xobeh
Okawaru
Qazlal
Ru
Sif Muna
Trog
Uskayaw
Vehumet
Xom
Yredelemnul
Zin
The Shining One
Beogh


Innate Abilities, Weirdness & Mutations

You reflexively headbutt those who attack you in melee.
You have a pair of horns on your head.


Message History

You hold your ground!
The dire elephant trunk-slaps you but does no damage.
You are engulfed in calcifying dust.
The catoblepas completely misses you. The dire elephant tramples you!
* * * LOW HITPOINT WARNING * * *
You hold your ground!
The dire elephant trunk-slaps you but does no damage.
You are engulfed in calcifying dust.
The catoblepas breathes a plume of calcifying dust at you.
The blast of calcifying dust hits you!
The dire elephant tramples you but does no damage.
The dire elephant trunk-slaps you!
* * * LOW HITPOINT WARNING * * *
You are engulfed in calcifying dust.
The catoblepas breathes a plume of calcifying dust at you.
The blast of calcifying dust hits you!
The dire elephant tramples you but does no damage.
The dire elephant trunk-slaps you but does no damage.
You are engulfed in calcifying dust.
The catoblepas gores you!!
You die...

##### ###### ######
#≈≈≈♣##≈≈≈≈###≈≈≈≈
#≈≈≈##≈≈≈≈≈≈##≈≈#
#≈≈≈≈≈≈≈88≈≈≈#Y≈#
#≈≈≈≈≈≈####§§@Y## #≈≈#####
###### ##### ##♣#'## #..#.
..♣♣≈≈♣♣♣♣#♣♣♣♣♣##♣♣###
.....
.♣♣♣≈≈≈≈≈≈≈♣≈≈♣♣≈≈≈≈≈.♣♣♣
.....
..♣♣≈≈≈≈≈≈≈≈≈≈≈≈≈≈≈≈P...♣♣
.....
..♣♣♣≈P≈≈≈≈≈≈≈≈≈≈≈≈≈≈≈..P♣
.....
..♣♣♣♣♣♣P≈♣♣♣P≈♣♣≈≈≈P≈..P♣
..... ...♣ ♣♣♣♣
♣♣♣♣♣≈≈≈≈≈...♣ .....


You could see a dire elephant and a catoblepas.

Vanquished Creatures
  Josephine (Lair:4)
  2 hydras
  Harold (Lair:3)
  A catoblepas (Lair:4)
  Sonja (Lair:3)
  A hill giant (D:11)
  A swamp dragon (Lair:3)
  The ghost of Hanibal the Shield-Bearer, a novice FoFi (D:4)
  A deep elf mage (D:11)
  A manticore (D:11)
  An elephant (Lair:4)
  A black mamba (Lair:4)
  7 spiny frogs
  4 komodo dragons
  4 rime drakes
  A troll (D:9)
  2 polar bears (Lair:3)
  2 jumping spiders (Lair:4)
  A two-headed ogre (D:11)
  Grinder (D:5)
  16 blink frogs
  8 hippogriffs
  2 spriggans
  7 redbacks (Lair:4)
  9 yaks
  A wyvern (D:9)
  3 wraiths (Lair:4)
  A basilisk (Lair:4)
  A hungry ghost (D:7)
  A warg (D:11)
  8 water moccasins
  2 porcupines
  A wasp (D:11)
  3 sky beasts
  18 orc warriors
  2 black bears
  An eye of draining (D:10)
  A phantom (D:4)
  7 ogres
  27 wolves
  8 centaurs
  10 crocodiles
  A big kobold (D:10)
  4 bullfrogs
  2 wyvern skeletons
  A scorpion (D:5)
  9 killer bees
  5 electric eels
  2 howler monkeys (D:10)
  3 crimson imps
  A lava snake (Lair:3)
  9 hounds
  3 jellies
  A bullfrog skeleton (D:10)
  8 orc priests
  6 orc wizards
  A centaur skeleton (D:11)
  11 iguanas
  10 worker ants
  A killer bee zombie (D:8)
  A hound zombie (D:6)
  7 gnolls
  9 adders
  9 river rats
  A shadow imp (D:9)
  An ooze (D:1)
  2 worms (D:2)
  6 leopard geckos
  64 orcs
  4 ball pythons (D:3)
  9 bats
  16 giant cockroaches
  8 goblins
  7 hobgoblins
  4 jackals
  7 quokkas
  4 frilled lizards
  11 kobolds
  A leopard gecko skeleton (D:6)
  12 rats
  A fungus (Lair:4)
  2 plants
436 creatures vanquished.

Vanquished Creatures (collateral kills)
  A hill giant (D:11)
  A wyvern skeleton (D:11)
2 creatures vanquished.

Vanquished Creatures (others)
  A fungus (Lair:1)
  9 toadstools (Lair:4)
10 creatures vanquished.

Grand Total: 448 creatures vanquished

Notes
Turn   | Place    | Note
-------+----------+-------------------------------------------
     0 | D:1      | Hennin the Minotaur Fighter began the quest for the Orb.
     0 | D:1      | Reached XP level 1. HP: 19/19 MP: 0/0
    71 | D:1      | Reached skill level 3 in Axes
    80 | D:1      | Reached XP level 2. HP: 26/27 MP: 1/1
   758 | D:2      | Reached XP level 3. HP: 30/33 MP: 2/2
  1027 | D:2      | Found a snail-covered altar of Cheibriados.
  1262 | D:2      | Reached XP level 4. HP: 40/40 MP: 3/3
  1400 | D:2      | Reached skill level 4 in Axes
  1662 | D:3      | Reached skill level 1 in Dodging
  1666 | D:3      | Found a glowing drain.
  1812 | D:3      | Reached XP level 5. HP: 46/46 MP: 4/4
  1940 | D:3      | Found a faded altar of an unknown god.
  2093 | D:3      | Noticed a centaur
  2098 | D:3      | Killed a centaur
  2421 | D:4      | Noticed Hanibal's ghost (novice FoFi)
  2429 | D:4      | Reached skill level 5 in Axes
  2429 | D:4      | Reached XP level 6. HP: 35/53 MP: 6/6
  2438 | D:4      | Killed Hanibal's ghost
  2438 | D:4      | Reached skill level 5 in Fighting
  2438 | D:4      | Reached skill level 6 in Axes
  2438 | D:4      | Reached skill level 5 in Armour
  2438 | D:4      | Reached skill level 5 in Shields
  2438 | D:4      | Reached skill level 1 in Spellcasting
  2438 | D:4      | Reached XP level 7. HP: 22/61 MP: 6/8
  2797 | D:4      | Found a staircase to the Ecumenical Temple.
  2811 | Temple   | Entered the Ecumenical Temple
  2817 | Temple   | Became a worshipper of Warmaster Okawaru
  3439 | D:4      | Found a hide-covered altar of Uskayaw.
  3442 | D:4      | Found a stormy altar of Qazlal.
  3445 | D:4      | Found a glowing silver altar of Zin.
  3707 | D:5      | Entered Level 5 of the Dungeon
  3912 | D:5      | Noticed Grinder
  3918 | D:5      | Killed Grinder
  3918 | D:5      | Reached XP level 8. HP: 69/69 MP: 9/9
  4133 | D:5      | Found a glowing silver altar of Zin.
  4152 | D:5      | Reached * piety under Okawaru
  4473 | D:6      | Reached skill level 7 in Axes
  6061 | D:7      | Reached ** piety under Okawaru
  6411 | D:8      | Reached XP level 9. HP: 68/78 MP: 11/11
  6595 | D:8      | Reached skill level 8 in Axes
  7209 | D:8      | Reached skill level 5 in Dodging
  7236 | D:8      | Found a basalt altar of Yredelemnul.
  7515 | D:8      | Found a stormy altar of Qazlal.
  7908 | D:9      | Noticed a troll
  7918 | D:9      | Killed a troll
  7928 | D:9      | Reached skill level 9 in Axes
  7937 | D:9      | Reached *** piety under Okawaru
  8403 | D:9      | Found a staircase to the Lair.
  8453 | D:9      | Reached XP level 10. HP: 42/86 MP: 12/14
  9274 | D:9      | Reached **** piety under Okawaru
  9274 | D:9      | Reached skill level 10 in Axes
  9514 | D:10     | Entered Level 10 of the Dungeon
  9750 | D:10     | Found an ancient bone altar of Kikubaaqudgha.
  9763 | D:10     | Got a transparent scale mail
  9774 | D:10     | Identified the +5 scale mail of Taweg {rC+} (You found it on level 10 of the Dungeon)
  9808 | D:10     | Got an ancient long sword {freeze}
  9809 | D:10     | Identified the +3 long sword "Xeimuem" {freeze, Int+4} (You took it off an orc wizard on level 10 of the Dungeon)
  9883 | D:10     | Reached ***** piety under Okawaru
 10194 | D:11     | Noticed a hill giant
 10213 | D:11     | Killed a hill giant
 10330 | D:11     | Noticed a hill giant
 10333 | D:11     | Reached skill level 11 in Axes
 10342 | D:11     | Received a gift from Okawaru
 10346 | D:11     | Killed a hill giant
 10346 | D:11     | Reached XP level 11. HP: 63/95 MP: 16/16
 10504 | D:11     | Found a staircase to the Orcish Mines.
 10909 | D:11     | Found a roughly hewn altar of Beogh.
 10935 | D:11     | Reached skill level 1 in Evocations
 11620 | D:11     | Noticed a deep elf mage
 11624 | D:11     | Killed a deep elf mage
 12039 | Lair:1   | Entered Level 1 of the Lair of Beasts
 12291 | Lair:1   | Reached skill level 12 in Axes
 12909 | Lair:1   | Received a gift from Okawaru
 12912 | Lair:1   | Got a pair of warped gloves {god gift}
 12923 | Lair:1   | Identified the +0 pair of gloves of the Dolphin {+Fly Int+4} (Okawaru gifted it to you on level 1 of the Lair of Beasts)
 13045 | Lair:1   | Noticed a five-headed hydra
 13059 | Lair:1   | Killed a five-headed hydra
 13996 | Lair:2   | Reached XP level 12. HP: 105/105 MP: 18/18
 14552 | Lair:3   | Found a staircase to the Swamp.
 14580 | Lair:3   | Reached skill level 10 in Shields
 14913 | Lair:3   | Noticed Sonja
 14946 | Lair:3   | Killed Sonja
 14946 | Lair:3   | Reached skill level 5 in Spellcasting
 15514 | Lair:3   | Reached skill level 10 in Armour
 15528 | Lair:3   | Reached skill level 13 in Axes
 15803 | Lair:3   | Identified Sif Muna's Reference Book on Transmigration
 15808 | Lair:3   | Learned a level 2 spell: Passwall
 15819 | Lair:3   | Noticed Harold
 15831 | Lair:3   | Reached skill level 10 in Fighting
 15845 | Lair:3   | Killed Harold
 16707 | Lair:3   | Reached ****** piety under Okawaru
 17319 | Lair:4   | Got an ichor-stained great sword
 17359 | Lair:4   | Noticed Josephine
 17370 | Lair:4   | Killed Josephine
 17370 | Lair:4   | Received a gift from Okawaru
 17429 | Lair:4   | Noticed a five-headed hydra
 17444 | Lair:4   | Killed a five-headed hydra
 17841 | Lair:4   | Found a hole to the Spider Nest.
 17852 | Lair:4   | Reached XP level 13. HP: 107/114 MP: 20/20
 17995 | Lair:4   | Received a gift from Okawaru
 18555 | Lair:4   | Got an ancient glass ring
 18560 | Lair:4   | Identified the ring of Absolutism {rF+ MR+ Str+4} (You found it on level 4 of the Lair of Beasts)
 18681 | Lair:4   | Found a runed door.
 18877 | Lair:4   | Noticed a dire elephant
 18899 | Lair:4   | HP: 4/114 [dire elephant (3)]
 18901 | Lair:4   | Slain by a catoblepas

Vault maps used:
D:1:      onia_arrival_larder
D:2:      minmay_door_path, marbit_many_paths
D:3:      ecumenical_altar_2, portal_sewer_entry_a, grunt_decor_mini_mirrors
D:4:      grunt_temple_overflow_diamond, first_bread, minivault_27,
          minmay_door_square
D:5:      hangedman_abyss_or_decor_stagger, lemuel_tele_altar, uniq_grinder
D:6:      minmay_misc_feat_chi
D:8:      lemuel_doored_altar, grunt_ogre_cave,
          hangedman_abyss_or_decor_jellyfish_corner,
          nicolae_qazlal_general_emergency
D:9:      erik_lair_island
D:10:     basic_altar, nicolae_straight_to_the_point
D:11:     david_orc_1_choice
Temple:   eino_temple_rhombus
Lair:1:   grunt_forest_large_clearing_hut, serial_bayou_shore_a
Lair:3:   minmay_swamp_entry_reptiles, grunt_forest_stairs_clearing,
          infiniplex_staircase_pool, uniq_sonja, uniq_harold
Lair:4:   gammafunk_lair_enchanted_lake, nicolae_spider_entry_tight_spaces,
          uniq_josephine

Skill      XL: |  1  2  3  4  5  6  7  8  9 10 11 12 13 |
---------------+----------------------------------------+-----
Axes           | 3 4 5 6 7 9 11 12 13 | 13.9
Shields        | 4 5 6 7 9 10 11 | 11.1
Armour         | 4 5 6 7 8 9 10 | 10.7
Fighting       | 4 5 6 7 8 9 10 | 10.6
Dodging        | 1 2 3 4 5 6 7 9 |  9.3
Spellcasting   | 1 2 3 4 5 |  5.5
Evocations     | 2 4 |  4.6

Action                   |  1- 3 |  4- 6 |  7- 9 | 10-12 | 13-15 || total
-------------------------+-------+-------+-------+-------+-------++-------
Melee: War axe           |    97 |   108 |   161 |       |       ||   366
       Headbutt          |     9 |    11 |    52 |   158 |    18 ||   248
       Hand axe          |       |       |   151 |   770 |    31 ||   952
       Whip              |       |       |       |    20 |       ||    20
       Broad axe         |       |       |       |       |    74 ||    74
 Abil: Evoke Flight      |       |       |       |     1 |       ||     1
Evoke: Wand              |       |       |       |     3 |       ||     3
  Use: Scroll            |     8 |     6 |     6 |     9 |     4 ||    33
       Potion            |       |     1 |     8 |    15 |       ||    24
  Eat: Chunk             |     1 |     4 |     8 |    24 |     4 ||    41
       Fruit             |       |       |     6 |       |       ||     6
       Pizza             |       |       |     2 |     2 |       ||     4
       Meat ration       |       |       |     1 |       |       ||     1
       Beef jerky        |       |       |       |     4 |       ||     4
Armor: Scale mail        |    31 |    45 |   111 |   223 |    66 ||   476
       Plate armour      |       |       |       |    23 |       ||    23
Dodge: Dodged            |    24 |    37 |   119 |   266 |    49 ||   495
Block: Shield            |    56 |    69 |   204 |   471 |    60 ||   860
